 Dungeon Crawl Stone Soup version 0.21.1-1-g345015fe64 (webtiles) character file.

171363 Jannitor the Timeless (level 17, -7/133 HPs)
             Began as a Demonspawn Enchanter on May 23, 2018.
             Was a High Priest of Cheibriados.
             Mangled by a sun demon (15 damage)
             ... summoned by a deep elf mage
             ... on level 1 of the Elven Halls.
             The game lasted 00:56:19 (26592 turns).

Jannitor the Timeless (Demonspawn Enchanter)       Turns: 26592, Time: 00:56:19

Health: -7/133     AC: 17    Str: 26    XL:     17   Next: 14%
Magic:  5/27       EV: 18    Int: 28    God:    Cheibriados [*****.]
Gold:   1639       SH:  6    Dex: 25    Spells: 13/29 levels left

rFire    . . .     SeeInvis .     - Unarmed
rCold    . . .     Gourm    .   V - +0 buckler
rNeg     . . .     Faith    .   X - +0 acid dragon scales
rPois    .         Spirit   .   D - +2 helmet
rElec    .         Reflect  .   Z - +2 cloak
rCorr    +         Harm     .   (no gloves)
MR       ++...                  P - +1 pair of boots {Stlth+}
Stlth    +++++++...             u - amulet of regeneration
HPRegen  0.72/turn              a - ring of Shadows {Umbra +Inv Stlth+}
MPRegen  0.20/turn              h - ring of protection from magic

@: starving, wreathed by umbra, very heavily drained, very slow
A: claws 2, thin metallic scales 1, powered by death 2, spiny 3
}: 1/15 runes: gossamer
a: Bend Time, Temporal Distortion, Slouch, Step From Time, Renounce Religion,
Evoke Invisibility


You were on level 1 of the Elven Halls.
You worshipped Cheibriados.
Cheibriados was extremely pleased with you.
You were starving.

You visited 6 branches of the dungeon, and saw 29 of its levels.

You collected 2575 gold pieces.
You spent 936 gold pieces at shops.

Inventory:

Hand Weapons
 e - a +6 dagger of electrocution
Missiles
 j - 19 javelins (quivered)
 n - a throwing net
Armour
 o - +0 fire dragon scales
 D - a +2 helmet (worn)
 P - a +1 pair of boots of stealth (worn)
 V - a +0 buckler (worn)
 X - +0 acid dragon scales (worn)
 Z - a +2 cloak (worn)
Jewellery
 a - the ring of Shadows (left claw) {Umbra +Inv Stlth+}
   (You bought it in a shop on level 2 of the Orcish Mines)

   [ring of stealth]

   It lets you turn invisible.
   It makes you more stealthy.
 h - a ring of protection from magic (right claw)
 s - an uncursed ring of magical power
 t - a +5 ring of protection
 u - an amulet of regeneration (around neck)
 H - an uncursed ring of poison resistance
 R - an uncursed ring of protection from fire
 T - a +4 ring of evasion
 W - an uncursed ring of see invisible
Wands
 m - a wand of enslavement (18)
 v - a wand of flame (82)
 z - a wand of digging (11)
 C - a wand of iceblast (10)
 E - a wand of scattershot (5)
 F - a wand of polymorph (5)
Scrolls
 g - 2 scrolls of enchant armour
 i - 3 scrolls of fog
 l - 7 scrolls of remove curse
 q - 17 scrolls of identify
 w - 3 scrolls of amnesia
 y - 2 scrolls of magic mapping
 J - a scroll of blinking
 K - a scroll of enchant weapon
 L - a scroll of fear
Potions
 k - 2 potions of cancellation
 p - a potion of mutation
 r - 4 potions of curing
 x - 3 potions of resistance
 A - 6 potions of flight
 B - a potion of brilliance
 N - a potion of invisibility
 O - a potion of lignification
Books
 c - a book of Callings

   Spells                             Type                      Level
   a - Summon Small Mammal            Summoning                    1
   b - Call Imp                       Summoning                    2
   c - Call Canine Familiar           Summoning                    3
   d - Summon Guardian Golem          Hexes/Summoning              3
   e - Summon Lightning Spire         Summoning/Air                4
   f - Summon Ice Beast               Ice/Summoning                4
 f - a book of Changes

   Spells                             Type                      Level
   a - Beastly Appendage              Transmutation                1
   b - Sticks to Snakes               Transmutation                2
   c - Spider Form                    Transmutation/Poison         3
   d - Ice Form                       Ice/Transmutation            4
   e - Blade Hands                    Transmutation                5
Miscellaneous
 b - a fan of gales
 I - a lamp of fire
Comestibles
 d - 42 rations


   Skills:
 + Level 11.9(8.1) Fighting
 - Level 7.5(4.1) Short Blades
 + Level 7.0(3.6) Armour
 + Level 11.3(7.6) Dodging
 - Level 6.3(3.0) Stealth
 - Level 4.9(1.7) Shields
 * Level 13.2(9.3) Unarmed Combat
 - Level 6.8(3.5) Spellcasting
 - Level 7.6(4.2) Hexes
 + Level 8.1(4.6) Necromancy
 + Level 14.0(10.0) Invocations
 - Level 8.0(4.6) Evocations


You had 13 spell levels left.
You knew the following spells:

 Your Spells              Type           Power        Failure   Level  Hunger
a - Corona                Hex            ####...      2%          1    None
b - Ensorcelled Hibernat  Hex/Ice        ###...       8%          2    #......
c - Confuse               Hex            ####....     7%          3    ##.....
d - Death Channel         Necr           ####......   96%         6    #######
e - Cause Fear            Hex            ####......   22%         4    ####...


Dungeon Overview and Level Annotations

Branches:
Dungeon (15/15)            Temple (0/1) D:7            Lair (6/6) D:10
 Shoals (0/4) Lair:3       Spider (4/4) Lair:3        Slime (0/5) Lair:5
    Orc (2/2) D:9             Elf (1/3) Orc:2        Vaults (1/5) D:14
 Depths: D:15

Altars:
Cheibriados
Fedhas
Makhleb
Okawaru
Ru
Sif Muna
Yredelemnul
The Shining One
Beogh

Shops:
D:5 =(:(*   D:7 %   D:15 !   Orc:2 **=*

Annotations:
D:7 1 runed door
D:8 1 transporter
D:11 2 runed doors
D:15 exclusion: Roxanne, Roxanne, Rupert
Lair:1 exclusion: hydra


Innate Abilities, Weirdness & Mutations

You have very sharp fingernails.
You are partially covered in thin metallic scales. (AC +2)
You regenerate health from kills.
You are completely covered in sharp spines.


Message History

The red devil freezes you.
* * * LOW HITPOINT WARNING * * *
Unknown command.
Unknown command.
You can feel time thicken for a moment.
You are starving!
Cheibriados lowers the support of your attributes as your movement quickens.
The sun demon misses you. You block the deep elf mage's attack.
The red devil closely misses you. The sun demon closely misses you.
Unknown command.
Unknown command.
You miss the deep elf mage.
The deep elf mage is almost dead.
The deep elf mage casts a spell at you. The bolt of negative energy hits you!
You feel drained.
* * * LOW HITPOINT WARNING * * *
The sun demon is struck by your spines. The sun demon hits you!
* * * LOW HITPOINT WARNING * * *
You are engulfed in flames!
You die...

...#### ........#
..).... # ......
#. #...# . #..
#...# ..
##..4###...###...
#....e@..........
+....3...<.......
#................
##..)###..)###...
#... #)..# . #...
#...# ##. .....
## .......
.........


You could see a sun demon, a deep elf mage and a red devil.

Vanquished Creatures
  Kirke (Spider:2)
  2 vault wardens (Vaults:1)
  2 ghost moths (Spider:4)
  3 emperor scorpions
  A stone giant (Orc:2)
  2 ironheart preservers (Vaults:1)
  3 entropy weavers
  3 spark wasps (Spider:4)
  A fire dragon (Vaults:1)
  3 ogre magi
  A yaktaur captain (Vaults:1)
  4 vault guards
  A great orb of eyes (Vaults:1)
  An ice dragon (D:14)
  Josephine (Spider:1)
  A rakshasa (Vaults:1)
  7 hydras
  5 centaur warriors
  10 two-headed ogres
  The ghost of framaz the Fighter, a novice MiFi of Okawaru (D:9)
  A tengu warrior (D:14)
  4 orc high priests (Orc:2)
  Urug (Lair:4)
  An iron troll (D:14)
  A fire crab (Spider:3)
  3 skeletal warriors (D:15)
  6 unseen horrors
  A deep elf archer (Vaults:1)
  Pikel (D:7)
  7 orb spiders
  3 ironbrand convokers (Vaults:1)
  A phantasmal warrior (Vaults:1)
  A necromancer (Vaults:1)
  8 ugly things
  7 orc sorcerers
  6 orc knights
  4 cyclopes
  3 deep elf magi (Elf:1)
  27 wolf spiders
  4 manticores
  2 centaur zombies
  4 moths of wrath
  A merfolk siren (Lair:3)
  3 black mambas
  3 torpor snails
  5 yaktaurs
  5 spiny frogs
  3 komodo dragons
  20 demonic crawlers
  A rime drake (Lair:5)
  2 freezing wraiths (D:14)
  An efreet (D:14)
  The ghost of Dommiel19 the Cutter, a novice KoBe of Trog (D:3)
  16 hornets
  Prince Ribbit (D:5)
  6 trolls
  Grinder (D:5)
  A polar bear (Lair:3)
  7 dream sheep
  6 hippogriffs
  47 jumping spiders
  A raiju (Spider:2)
  14 blink frogs
  A harpy skeleton (D:14)
  3 slime creatures (D:15)
  Sigmund (D:4)
  2 spriggans (Lair:3)
  24 tarantellas
  A centaur simulacrum (D:15)
  5 wraiths
  94 redbacks
  29 yaks
  2 basilisks
  3 hogs (Spider:2)
  2 wyverns
  4 vampire mosquitoes
  A hungry ghost (D:15)
  Menkaure (D:5)
  A human zombie (Vaults:1)
  4 wargs (Orc:1)
  2 acid dragons
  A soldier ant (shapeshifter) (Vaults:1)
  2 soldier ants
  6 porcupines
  11 water moccasins
  22 orc warriors
  A slave (D:7)
  3 ice beasts
  A sky beast (D:9)
  19 ogres
  5 black bears
  A necrophage (D:12)
  2 phantoms
  An eye of draining (D:15)
  22 wolves
  19 centaurs
  8 crocodiles
  3 big kobolds (D:9)
  18 bullfrogs
  Blork the orc (D:4)
  A gnoll sergeant (D:11)
  2 wyvern zombies
  A wyvern skeleton (D:8)
  2 scorpions
  3 killer bees (D:10)
  4 electric eels
  6 wights
  7 crimson imps
  A howler monkey (D:6)
  3 bullfrog skeletons
  6 bullfrog zombies
  11 hounds
  3 centaur skeletons
  16 orc priests
  7 jellies
  22 orc wizards
  7 iguanas
  14 worker ants
  A hound skeleton (D:8)
  11 gnolls
  9 adders
  A shadow imp (D:14)
  4 oozes
  An adder zombie (D:10)
  2 adder skeletons
  3 worms
  2 dart slugs
  10 leopard geckos
  66 orcs
  8 bats
  4 giant cockroaches
  5 goblins
  9 hobgoblins
  12 jackals
  5 quokkas
  A ball python (D:3)
  3 frilled lizards (D:1)
  5 kobolds
  A leopard gecko skeleton (D:4)
  A leopard gecko zombie (D:5)
  7 rats
907 creatures vanquished.

Vanquished Creatures (others)
  2 two-headed ogres (D:15)
  A manticore (D:15)
  An ogre (D:14)
  A hound (D:7)
  An orc (D:7)
  A quokka (D:7)
  4 fungi
  2 plants (D:15)
13 creatures vanquished.

Grand Total: 920 creatures vanquished

Notes
Turn   | Place    | Note
-------+----------+-------------------------------------------
     0 | D:1      | Jannitor the Demonspawn Enchanter began the quest for the Orb.
     0 | D:1      | Reached XP level 1. HP: 13/13 MP: 3/3
    27 | D:1      | Reached skill level 1 in Short Blades
   217 | D:1      | Gained mutation: You are partially covered in sharp spines. [demonic ancestry]
   217 | D:1      | Reached XP level 2. HP: 18/19 MP: 5/5
   758 | D:1      | Reached XP level 3. HP: 24/24 MP: 6/6
  1534 | D:2      | Reached XP level 4. HP: 30/30 MP: 7/7
  1580 | D:2      | Found a snail-covered altar of Cheibriados.
  2112 | D:3      | Found a blossoming altar of Fedhas.
  2202 | D:3      | Gained mutation: You are partially covered in thin metallic scales. (AC +2) [demonic ancestry]
  2202 | D:3      | Reached XP level 5. HP: 31/35 MP: 8/8
  2638 | D:3      | Noticed Dommiel19's ghost (novice KoBe)
  2661 | D:4      | Noticed Sigmund
  2680 | D:4      | Killed Sigmund
  2680 | D:4      | Reached XP level 6. HP: 17/41 MP: 9/9
  2944 | D:4      | Reached skill level 5 in Short Blades
  3040 | D:4      | Noticed Blork the orc
  3610 | D:4      | Found a sacrificial altar of Ru.
  3664 | D:4      | Killed Blork the orc
  3664 | D:4      | Gained mutation: You have sharp fingernails. [demonic ancestry]
  3664 | D:4      | Reached XP level 7. HP: 41/47 MP: 10/10
  3690 | D:4      | HP: 2/47 [poisoned by Blork the orc]
  3698 | D:4      | HP: 1/47 [poisoned by Blork the orc]
  4206 | D:5      | Entered Level 5 of the Dungeon
  4217 | D:5      | Reached skill level 1 in Fighting
  4232 | D:5      | Reached skill level 5 in Stealth
  4235 | D:5      | Found Neopp's Antique Weapon Shop.
  4281 | D:5      | Noticed Grinder
  4285 | D:5      | Found Gattis's Book Boutique.
  4305 | D:5      | Killed Grinder
  4960 | D:5      | Found Esecve's Jewellery Emporium.
  4981 | D:5      | Reached skill level 1 in Evocations
  4981 | D:5      | Gained mutation: You have very sharp fingernails. [demonic ancestry]
  4981 | D:5      | Reached XP level 8. HP: 34/57 MP: 11/11
  5129 | D:5      | Noticed Menkaure
  5143 | D:5      | Killed Menkaure
  5403 | D:3      | Killed Dommiel19's ghost
  5424 | D:2      | Became a worshipper of Cheibriados the Contemplative
  5536 | D:5      | Found a glowing golden altar of the Shining One.
  5536 | D:5      | Found a basalt altar of Yredelemnul.
  5537 | D:5      | Found an iron altar of Okawaru.
  5566 | D:5      | Noticed Prince Ribbit
  5579 | D:5      | Killed Prince Ribbit
  5677 | D:5      | Found Rymiq's Weapon Boutique.
  5701 | D:5      | Found Etetaap's Assorted Antiques.
  5972 | D:6      | Gained mutation: You regenerate a little health from kills. [demonic ancestry]
  5972 | D:6      | Reached XP level 9. HP: 65/65 MP: 12/12
  6005 | D:6      | Found a burning altar of Makhleb.
  6298 | D:6      | Reached * piety under Cheibriados
  6415 | D:6      | Found a snail-covered altar of Cheibriados.
  6556 | D:6      | Reached skill level 1 in Unarmed Combat
  6835 | D:6      | Learned a level 2 spell: Ensorcelled Hibernation
  6839 | D:6      | Learned a level 3 spell: Confuse
  6950 | D:7      | Noticed Pikel
  6974 | D:7      | Killed Pikel
  6974 | D:7      | Reached skill level 2 in Invocations
  7048 | D:7      | Reached skill level 5 in Dodging
  7063 | D:7      | Reached ** piety under Cheibriados
  7074 | D:7      | Reached skill level 5 in Fighting
  7074 | D:7      | Reached skill level 3 in Invocations
  7305 | D:7      | Found a staircase to the Ecumenical Temple.
  7573 | D:7      | Found a runed door.
  7714 | D:7      | Found Leikaps's Food Emporium.
  8010 | D:8      | Noticed a troll
  8020 | D:8      | Killed a troll
  8020 | D:8      | Reached XP level 10. HP: 56/74 MP: 13/13
  8119 | D:8      | Found a transporter.
  8195 | D:8      | Reached skill level 4 in Invocations
  8343 | D:8      | Reached skill level 5 in Evocations
  8544 | D:8      | Reached *** piety under Cheibriados
  8828 | D:9      | Noticed framaz's ghost (novice MiFi)
  8859 | D:9      | Killed framaz's ghost
  8859 | D:9      | Reached skill level 5 in Invocations
  8954 | D:9      | Reached skill level 6 in Invocations
  9007 | D:9      | Noticed a three-headed hydra
  9015 | D:9      | Found a staircase to the Orcish Mines.
  9268 | D:10     | Entered Level 10 of the Dungeon
  9310 | D:10     | Reached **** piety under Cheibriados
  9754 | D:9      | Killed a three-headed hydra
  9836 | D:9      | Gained mutation: You regenerate health from kills. [demonic ancestry]
  9836 | D:9      | Reached XP level 11. HP: 83/83 MP: 16/16
  9910 | D:9      | Paralysed by a hornet for 1 turns
  9913 | D:9      | Reached skill level 5 in Unarmed Combat
 10134 | D:10     | Found a staircase to the Lair.
 10139 | D:10     | Noticed a two-headed ogre
 10150 | D:10     | Killed a two-headed ogre
 10150 | D:10     | Reached skill level 7 in Invocations
 10153 | D:10     | Noticed a two-headed ogre
 10155 | Lair:1   | Entered Level 1 of the Lair of Beasts
 10409 | Lair:1   | Noticed a seven-headed hydra
 11080 | Lair:2   | Reached ***** piety under Cheibriados
 11266 | Lair:2   | Reached skill level 8 in Invocations
 11825 | Lair:3   | Reached skill level 5 in Hexes
 12139 | Lair:3   | Found a hole to the Spider Nest.
 12176 | Lair:3   | Gained mutation: You are mostly covered in sharp spines. [demonic ancestry]
 12176 | Lair:3   | Reached XP level 12. HP: 89/92 MP: 18/18
 12179 | Lair:3   | Reached skill level 9 in Invocations
 12774 | Lair:3   | Found a staircase to the Shoals.
 12932 | Lair:4   | Noticed a five-headed hydra
 12937 | Lair:4   | Killed a five-headed hydra
 13030 | Lair:4   | Reached ****** piety under Cheibriados
 13310 | Lair:4   | Noticed Urug
 13316 | Lair:4   | Killed Urug
 13424 | Lair:4   | Noticed a four-headed hydra
 13434 | Lair:4   | Killed a four-headed hydra
 13455 | Lair:4   | Reached skill level 10 in Invocations
 13745 | Lair:5   | Noticed a four-headed hydra
 13771 | Lair:5   | Killed a four-headed hydra
 13996 | Lair:5   | Found a staircase to the Slime Pits.
 14077 | Lair:5   | Noticed an eight-headed hydra
 14084 | Lair:5   | Killed an eight-headed hydra
 14135 | Lair:5   | Reached XP level 13. HP: 82/101 MP: 20/20
 14530 | Lair:6   | Entered Level 6 of the Lair of Beasts
 15269 | D:11     | Found a large runed door.
 15269 | D:11     | Found a large runed door.
 15596 | D:11     | Found a large runed door.
 15597 | D:11     | Found a large runed door.
 15783 | D:11     | Reached skill level 1 in Shields
 16060 | D:11     | Learned a level 6 spell: Death Channel
 16065 | D:11     | Learned a level 4 spell: Cause Fear
 16189 | D:12     | Reached skill level 1 in Armour
 16189 | D:12     | Reached skill level 11 in Invocations
 16570 | Orc:1    | Entered Level 1 of the Orcish Mines
 16584 | Orc:1    | Reached skill level 1 in Necromancy
 16647 | Orc:1    | Found a deep blue altar of Sif Muna.
 16935 | Orc:2    | Entered Level 2 of the Orcish Mines
 17121 | Orc:2    | Found Tivuepp's Assorted Antiques.
 17126 | Orc:2    | Reached skill level 10 in Unarmed Combat
 17206 | Orc:2    | Found Guikhoeg's Jewellery Boutique.
 17217 | Orc:2    | Reached skill level 10 in Fighting
 17224 | Orc:2    | Found Qulovouw's General Store.
 17226 | Orc:2    | Found Raxacsar's Assorted Antiques.
 17232 | Orc:2    | Bought a potion of mutation for 96 gold pieces
 17296 | Orc:2    | Found a roughly hewn altar of Beogh.
 17498 | Orc:2    | Bought the ring of Shadows {Umbra +Inv Stlth+} for 560 gold pieces
 17498 | Orc:2    | Found the ring of Shadows {Umbra +Inv Stlth+}
 17917 | D:13     | Reached XP level 14. HP: 105/110 MP: 22/22
 19898 | D:14     | Found a gate to the Vaults.
 20061 | D:15     | Entered Level 15 of the Dungeon
 20393 | D:15     | Noticed Rupert
 20394 | D:15     | Reached skill level 12 in Invocations
 20706 | Orc:2    | Bought an uncursed ring of poison resistance for 280 gold pieces
 20891 | Spider:1 | Entered Level 1 of the Spider Nest
 20919 | Spider:1 | Reached skill level 10 in Dodging
 21105 | Spider:1 | Noticed Josephine
 21107 | Spider:1 | Noticed an emperor scorpion
 21115 | Spider:1 | Killed Josephine
 21115 | Spider:1 | Reached XP level 15. HP: 113/117 MP: 24/24
 21315 | Spider:1 | Reached skill level 5 in Necromancy
 21914 | Spider:2 | Reached skill level 5 in Spellcasting
 21936 | Spider:2 | Reached skill level 5 in Armour
 22206 | Spider:2 | Noticed Kirke
 22220 | Spider:2 | Killed Kirke
 22842 | Spider:3 | Reached skill level 13 in Invocations
 23128 | Spider:3 | Reached XP level 16. HP: 121/125 MP: 25/25
 23322 | Spider:4 | Entered Level 4 of the Spider Nest
 23756 | Spider:4 | Got a gossamer rune of Zot
 24721 | D:15     | Noticed Roxanne
 24768 | D:15     | Found Qiepy's Distillery.
 25089 | D:15     | Paralysed by Rupert for 6 turns
 25097 | D:15     | Paralysed by Rupert for 4 turns
 25306 | Vaults:1 | Entered Level 1 of the Vaults
 25890 | Vaults:1 | Gained mutation: You are completely covered in sharp spines. [demonic ancestry]
 25890 | Vaults:1 | Reached XP level 17. HP: 104/133 MP: 27/27
 25912 | Vaults:1 | Noticed a quicksilver dragon
 25912 | Vaults:1 | a vault warden changed into a quicksilver dragon
 26333 | Orc:2    | Reached skill level 14 in Invocations
 26419 | Orc:2    | Found a staircase to the Elven Halls.
 26565 | Elf:1    | Entered Level 1 of the Elven Halls
 26592 | Elf:1    | Mangled by a sun demon

Skill      XL: |  1  2  3  4  5  6  7  8  9 10 11 12 13 14 15 16 17 |
---------------+----------------------------------------------------+-----
Short Blades   | 1 2 3 4 5 6 7 |  7.5
Stealth        | 3 4 5 6 |  6.3
Dodging        | 2 4 5 6 7 8 9 10 11 | 11.3
Fighting       | 2 3 5 6 8 9 10 11 | 11.9
Evocations     | 1 3 4 5 6 7 8 |  8.0
Unarmed Combat | 2 4 7 9 10 11 12 13 | 13.2
Invocations    | 3 6 8 10 11 12 13 14 | 14.0
Hexes          | 5 7 |  7.6
Shields        | 2 4 |  4.9
Armour         | 2 4 5 6 7 |  7.0
Necromancy     | 2 4 6 7 8 |  8.1
Spellcasting   | 3 4 5 6 |  6.8

Action                   |  1- 3 |  4- 6 |  7- 9 | 10-12 | 13-15 | 16-18 || total
-------------------------+-------+-------+-------+-------+-------+-------++-------
Melee: Dagger            |    87 |    98 |   229 |   535 |    13 |       ||   962
       Punch             |       |       |     1 |    24 |     5 |       ||    30
       Unarmed           |       |       |       |       |  1064 |   550 ||  1614
Throw: Javelin           |       |       |       |       |     2 |       ||     2
 Cast: Corona            |       |     1 |       |       |     4 |     2 ||     7
       Confuse           |       |       |       |     4 |     4 |     7 ||    15
       Ensorcelled Hiber |       |       |       |     1 |       |       ||     1
Invok: Slouch            |       |       |       |       |    18 |    10 ||    28
       Step From Time    |       |       |       |       |       |     2 ||     2
       Temporal Distorti |       |       |       |       |       |     3 ||     3
 Abil: Evoke Berserk Rag |       |     1 |       |       |       |       ||     1
       Evoke Invisibilit |       |       |       |       |     4 |     1 ||     5
Evoke: Wand              |       |       |       |     7 |    23 |    13 ||    43
       Lamp of fire      |       |       |       |       |     2 |     1 ||     3
       Box of beasts     |       |       |       |       |     2 |       ||     2
       Sack of spiders   |       |       |       |       |     1 |       ||     1
       Fan of gales      |       |       |       |       |       |     1 ||     1
  Use: Scroll            |       |    16 |     2 |     6 |    12 |     5 ||    41
       Potion            |       |     6 |     3 |     4 |     3 |     3 ||    19
 Stab: Sleeping          |     8 |     5 |    14 |    21 |    36 |     9 ||    93
       Invisible         |       |       |     1 |       |    12 |    10 ||    23
       Confused          |       |       |       |     4 |     3 |       ||     7
       Distracted        |       |       |       |     1 |     4 |     7 ||    12
  Eat: Chunk             |     2 |     6 |    12 |     9 |    17 |     8 ||    54
       Ration            |       |       |       |     1 |     2 |       ||     3
Armor: Robe              |    13 |     6 |    37 |    93 |    16 |       ||   165
       Skin              |       |     5 |       |       |       |       ||     5
       Acid dragon scale |       |       |       |       |   305 |   134 ||   439
Dodge: Dodged            |    39 |    43 |   110 |   367 |  1258 |   621 ||  2438
Block: Buckler           |       |       |       |       |   447 |   239 ||   686
